Workbook

Sheet BalanceGeneral_Situacion
A1: =Data!N1 -> Promotora Costarricense Innovación e Investigación (PROMOTORA)
A2: Estado de Situación Financiera o Balance General
A3: ="Del " & IF(Data!D2=Data!F1,Data!H1, IF(Data!D2=Data!F2,Data!H2, IF(Data!D2=Data!F3,Data!H3, IF(Data!D2=Data!F4,Data!H4, IF(Data!D2=Data!F5,Data!H5, IF(Data!D2=Data!F6,Data!H6, IF(Data!D2=Data!F7,Data!H7, IF(Data!D2=Data!F8,Data!H8, IF(Data!D2=Data!F9,Data!H9, IF(Data!D2=Data!F10,Data!H10, IF(Data!D2=Data!F11,Data!H11, IF(Data!D2=Data!F12,Data!H12, IF(Data!D2=Data!F13,Data!H13, IF(Data!D2=Data!F14,Data!H14, IF(Data!D2=Data!F15,Data!H15, IF(Data!D2=Data!F16,Data!H16,0)))))))))))))))) -> Del 01 de Enero de 2024 al 30 de Junio de 2024
A4: - En miles de colones -
A6: Cuenta | B6: Descripción | C6: Nota | D6: ="Año "&Data!C2 -> Año 2024 | E6: ="Año "&Data!C2-1 -> Año 2023
A8: 1. | B8: ACTIVO
A9: 1.1. | B9: Activo Corriente
A10: 1.1.1. | B10: Efectivo y equivalentes de efectivo | C10: 03 | D10: =SUM(D11:D12) -> 1040347 | E10: =SUM(E11:E12) -> 913075.06
A11: 1.1.1.01. | B11: Efectivo | D11: =1040346977.31/1000 -> 1040347 | E11: 913075.06
A12: 1.1.1.02. | B12: Equivalentes de efectivo | D12: 0 | E12: 0
A13: 1.1.2. | B13: Inversiones a corto plazo | C13: 04 | D13: =SUM(D14:D18) -> 0 | E13: =SUM(E14:E18) -> 0
A14: 1.1.2.01. | B14: Títulos y valores a valor razonable a corto plazo | D14: 0 | E14: 0
A15: 1.1.2.02. | B15: Títulos y valores a costo amortizado a corto plazo | D15: 0 | E15: 0
A16: 1.1.2.03. | B16: Instrumentos Derivados a corto plazo | D16: 0 | E16: 0
A17: 1.1.2.98. | B17: Otras inversiones a corto plazo | D17: 0 | E17: 0
A18: 1.1.2.99. | B18: Previsiones para deterioro de inversiones a corto plazo * | D18: 0 | E18: 0
A19: 1.1.3. | B19: Cuentas a cobrar a corto plazo | C19: 05 | D19: =SUM(D20:D36) -> 16713.545 | E19: =SUM(E20:E36) -> 796698.76
A20: 1.1.3.01. | B20: Impuestos a cobrar a corto plazo | D20: 0 | E20: 594.03165
A21: 1.1.3.02. | B21: Contribuciones sociales a cobrar a corto plazo | D21: 213.18442 | E21: 213.18442
A22: 1.1.3.03. | B22: Ventas a cobrar a corto plazo | D22: 0 | E22: 0
A23: 1.1.3.04. | B23: Servicios y derechos a cobrar a corto plazo | D23: 1067.6862 | E23: 0.04049
A24: 1.1.3.05. | B24: Ingresos de la propiedad a cobrar a corto plazo | D24: 0 | E24: 0
A25: 1.1.3.06. | B25: Transferencias a cobrar a corto plazo | D25: 0 | E25: 723165.36
A26: 1.1.3.07. | B26: Préstamos a corto plazo | D26: 0 | E26: 0
A27: 1.1.3.08. | B27: Documentos a cobrar a corto plazo | D27: =45143763.82/1000 -> 45143.764 | E27: 72726.139
A28: 1.1.3.09. | B28: Anticipos a corto plazo | D28: 0 | E28: 0
A29: 1.1.3.10. | B29: Deudores por avales ejecutados a corto plazo | D29: 0 | E29: 0
A30: 1.1.3.11. | B30: Planillas salariales | D30: 0 | E30: 0
A31: 1.1.3.12. | B31: Beneficios Sociales | D31: 0 | E31: 0
A32: 1.1.3.13. | B32: Cuentas por Cobrar Cajas Unicas | D32: 0 | E32: 0
A33: 1.1.3.50. | B33: Registro transitorio de transaccion de activo fijo | D33: 0 | E33: 0
A34: 1.1.3.97. | B34: Cuentas a cobrar en gestión judicial | D34: 0 | E34: 0
A35: 1.1.3.98. | B35: Otras cuentas a cobrar a corto plazo | D35: 0 | E35: 0
A36: 1.1.3.99. | B36: Previsiones para deterioro de cuentas a cobrar a corto plazo * | D36: =-29711089.58/1000 -> -29711.09 | E36: 0
A37: 1.1.4. | B37: Inventarios | C37: 06 | D37: =SUM(D38:D42) -> 1993.3237 | E37: =SUM(E38:E42) -> 3133.7413
A38: 1.1.4.01. | B38: Materiales y suministros para consumo y prestación de servicios | D38: 1993.3237 | E38: 3133.7413
A39: 1.1.4.02. | B39: Bienes para la venta | D39: 0 | E39: 0
A40: 1.1.4.03. | B40: Materias primas y bienes en producción | D40: 0 | E40: 0
A41: 1.1.4.04. | B41: Bienes a Transferir sin contraprestación - Donaciones | D41: 0 | E41: 0
A42: 1.1.4.99. | B42: Previsiones para deterioro y pérdidas de inventario * | D42: 0 | E42: 0
A43: 1.1.9. | B43: Otros activos a corto plazo | C43: 07 | D43: =SUM(D44:D46) -> 1725.5959 | E43: =SUM(E44:E46) -> 27164.853
A44: 1.1.9.01. | B44: Gastos a devengar a corto plazo | D44: 1725.5959 | E44: 27164.853
A45: 1.1.9.02. | B45: Cuentas transitorias | D45: 0 | E45: 0
A46: 1.1.9.99. | B46: Activos a corto plazo sujetos a depuración contable | D46: 0 | E46: 0
B47: Total del Activo Corriente | D47: =+D43++D37+D19+D13+D10 -> 1060779.4 | E47: =+E43++E37+E19+E13+E10 -> 1740072.4
A49: 1.2. | B49: Activo No Corriente
A50: 1.2.2. | B50: Inversiones a largo plazo | C50: 08 | D50: =SUM(D51:D55) -> 0 | E50: =SUM(E51:E55) -> 0
A51: 1.2.2.01. | B51: Títulos y valores a valor razonable a largo plazo | D51: 0 | E51: 0
A52: 1.2.2.02. | B52: Títulos y valores a costo amortizado a largo plazo | D52: 0 | E52: 0
A53: 1.2.2.03. | B53: Instrumentos Derivados a largo plazo | D53: 0 | E53: 0
A54: 1.2.2.98. | B54: Otras inversiones a largo plazo | D54: 0 | E54: 0
A55: 1.2.2.99. | B55: Previsiones para deterioro de inversiones a largo plazo * | D55: 0 | E55: 0
A56: 1.2.3. | B56: Cuentas a cobrar a largo plazo | C56: 09 | D56: =SUM(D57:D63) -> 60241.646 | E56: =SUM(E57:E63) -> 72125.879
A57: 1.2.3.03. | B57: Ventas a cobrar a largo plazo | D57: 0 | E57: 0
A58: 1.2.3.07. | B58: Préstamos a largo plazo | D58: 0 | E58: 0
A59: 1.2.3.08. | B59: Documentos a cobrar a largo plazo | D59: 60241.646 | E59: 72125.879
A60: 1.2.3.09. | B60: Anticipos a largo plazo | D60: 0 | E60: 0
A61: 1.2.3.10. | B61: Deudores por avales ejecutados a largo plazo | D61: 0 | E61: 0
A62: 1.2.3.98. | B62: Otras cuentas a cobrar a largo plazo | D62: 0 | E62: 0
A63: 1.2.3.99. | B63: Previsiones para deterioro de cuentas a cobrar a largo plazo * | D63: 0 | E63: 0
A64: 1.2.5. | B64: Bienes no concesionados | C64: 10 | D64: =SUM(D65:D73) -> 1532700.7 | E64: =SUM(E65:E73) -> 1588760.2
A65: 1.2.5.01. | B65: Propiedades, planta y equipos explotados | D65: 1523910.3 | E65: 1575834.2
A66: 1.2.5.02. | B66: Propiedades de inversión | D66: 0 | E66: 0
A67: 1.2.5.03. | B67: Activos biológicos no concesionados | D67: 0 | E67: 0
A68: 1.2.5.04. | B68: Bienes de infraestructura y de beneficio y uso público en servicio | D68: 0 | E68: 0
A69: 1.2.5.05. | B69: Bienes históricos y culturales | D69: 0 | E69: 0
A70: 1.2.5.06. | B70: Recursos naturales en explotación | D70: 0 | E70: 0
A71: 1.2.5.07. | B71: Recursos naturales en conservación | D71: 0 | E71: 0
A72: 1.2.5.08. | B72: Bienes intangibles no concesionados | D72: 8790.4322 | E72: 12925.957
A73: 1.2.5.99. | B73: Bienes no concesionados en proceso de producción | D73: 0 | E73: 0
A74: 1.2.6. | B74: Bienes concesionados | C74: 11 | D74: =SUM(D75:D80) -> 0 | E74: =SUM(E75:E80) -> 0
A75: 1.2.6.01. | B75: Propiedades, planta y equipos concesionados | D75: 0 | E75: 0
A76: 1.2.6.03. | B76: Activos biológicos concesionados | D76: 0 | E76: 0
A77: 1.2.6.04. | B77: Bienes de infraestructura y de beneficio y uso público concesionados | D77: 0 | E77: 0
A78: 1.2.6.06. | B78: Recursos naturales concesionados | D78: 0 | E78: 0
A79: 1.2.6.08. | B79: Bienes intangibles concesionados | D79: 0 | E79: 0
A80: 1.2.6.99. | B80: Bienes concesionados en proceso de producción | D80: 0 | E80: 0
A81: 1.2.7. | B81: Inversiones patrimoniales - Método de participación | C81: 12 | D81: =SUM(D82:D85) -> 0 | E81: =SUM(E82:E85) -> 307092.91
A82: 1.2.7.01. | B82: Inversiones patrimoniales en el sector privado interno | D82: 0 | E82: 0
A83: 1.2.7.02. | B83: Inversiones patrimoniales en el sector público interno | D83: 0 | E83: 0
A84: 1.2.7.03. | B84: Inversiones patrimoniales en el sector externo | D84: 0 | E84: 0
A85: 1.2.7.04. | B85: Inversiones patrimoniales en fideicomisos | D85: 0 | E85: 307092.91
A86: 1.2.9. | B86: Otros activos a largo plazo | C86: 13 | D86: =SUM(D87:D89) -> 0 | E86: =SUM(E87:E89) -> 0
A87: 1.2.9.01. | B87: Gastos a devengar a largo plazo | D87: 0 | E87: 0
A88: 1.2.9.03. | B88: Objetos de valor | D88: 0 | E88: 0
A89: 1.2.9.99. | B89: Activos a largo plazo sujetos a depuración contable | D89: 0 | E89: 0
B90: Total del Activo no Corriente | D90: =+D86+D81+D74+D64+D56+D50 -> 1592942.4 | E90: =+E86+E81+E74+E64+E56+E50 -> 1967979
B91: TOTAL DEL ACTIVO | D91: =+D90+D47 -> 2653721.8 | E91: =+E90+E47 -> 3708051.4
A93: 2. | B93: PASIVO
A94: 2.1. | B94: Pasivo Corriente
A95: 2.1.1. | B95: Deudas a corto plazo | C95: 14 | D95: =SUM(D96:D105) -> 211536.35 | E95: =SUM(E96:E105) -> 143993.19
A96: 2.1.1.01. | B96: Deudas comerciales a corto plazo | D96: =49926537.34/1000 -> 49926.537 | E96: 40191.491
A97: 2.1.1.02. | B97: Deudas sociales y fiscales a corto plazo | D97: =103511958.73/1000 -> 103511.96 | E97: 103801.7
A98: 2.1.1.03. | B98: Transferencias a pagar a corto plazo | D98: =54786230.18/1000 -> 54786.23 | E98: 0
A99: 2.1.1.04. | B99: Documentos a pagar a corto plazo | D99: 0 | E99: 0
A100: 2.1.1.05. | B100: Inversiones patrimoniales a pagar a corto plazo | D100: 3311.6201 | E100: 0
A101: 2.1.1.06. | B101: Deudas por avales ejecutados a corto plazo | D101: 0 | E101: 0
A102: 2.1.1.07. | B102: Deudas por anticipos a corto plazo | D102: 0 | E102: 0
A103: 2.1.1.08. | B103: Deudas por Planillas salariales | D103: 0 | E103: 0
A104: 2.1.1.13. | B104: Deudas por Creditos Fiscales a favor de terceros c/p | D104: 0 | E104: 0
...

Sheet EstadoResultados_Rendimiento
A1: =Data!N1 -> Promotora Costarricense Innovación e Investigación (PROMOTORA)
A2: Estado de Rendimiento Financiera
A3: ="Del " & IF(Data!D2=Data!F1,Data!H1, IF(Data!D2=Data!F2,Data!H2, IF(Data!D2=Data!F3,Data!H3, IF(Data!D2=Data!F4,Data!H4, IF(Data!D2=Data!F5,Data!H5, IF(Data!D2=Data!F6,Data!H6, IF(Data!D2=Data!F7,Data!H7, IF(Data!D2=Data!F8,Data!H8, IF(Data!D2=Data!F9,Data!H9, IF(Data!D2=Data!F10,Data!H10, IF(Data!D2=Data!F11,Data!H11, IF(Data!D2=Data!F12,Data!H12, IF(Data!D2=Data!F13,Data!H13, IF(Data!D2=Data!F14,Data!H14, IF(Data!D2=Data!F15,Data!H15, IF(Data!D2=Data!F16,Data!H16,0)))))))))))))))) -> Del 01 de Enero de 2024 al 30 de Junio de 2024
A4: - En miles de colones -
A6: Cuenta | B6: Descripción | C6: Nota | D6: ="Año "&Data!C2 -> Año 2024 | E6: ="Año "&Data!C2-1 -> Año 2023
A8: 4. | B8: INGRESOS
A9: 4.1. | B9: Impuestos
A10: 4.1.1. | B10: Impuestos sobre los ingresos, las utilidades y las ganancias de capital | C10: 31 | D10: =SUM(D11:D14) -> 0 | E10: =SUM(E11:E14) -> 0
A11: 4.1.1.01. | B11: Impuestos sobre los ingresos y utilidades de personas físicas | D11: 0 | E11: 0
A12: 4.1.1.02. | B12: Impuestos sobre los ingresos y utilidades de personas jurídicas | D12: 0 | E12: 0
A13: 4.1.1.03. | B13: Impuestos sobre dividendos e intereses de títulos valores | D13: 0 | E13: 0
A14: 4.1.1.99. | B14: Otros impuestos sobre los ingresos, las utilidades y las ganancias de capital | D14: 0 | E14: 0
A15: 4.1.2. | B15: Impuestos sobre la propiedad | C15: 32 | D15: =SUM(D16:D21) -> 0 | E15: =SUM(E16:E21) -> 0
A16: 4.1.2.01. | B16: Impuesto sobre la propiedad de bienes inmuebles | D16: 0 | E16: 0
A17: 4.1.2.02. | B17: Impuesto sobre la propiedad de vehículos, aeronaves y embarcaciones | D17: 0 | E17: 0
A18: 4.1.2.03. | B18: Impuesto sobre el patrimonio | D18: 0 | E18: 0
A19: 4.1.2.04. | B19: Impuesto sobre los traspasos de bienes inmuebles | D19: 0 | E19: 0
A20: 4.1.2.05. | B20: Impuesto a los traspasos de vehículos, aeronaves y embarcaciones | D20: 0 | E20: 0
A21: 4.1.2.99. | B21: Otros impuestos a la propiedad | D21: 0 | E21: 0
A22: 4.1.3. | B22: Impuestos sobre bienes y servicios | C22: 33 | D22: =SUM(D23:D25) -> 0 | E22: =SUM(E23:E25) -> 0
A23: 4.1.3.01. | B23: Impuestos generales y selectivos sobre ventas y consumo | D23: 0 | E23: 0
A24: 4.1.3.02. | B24: Impuestos específicos sobre la producción y consumo de bienes y servicios | D24: 0 | E24: 0
A25: 4.1.3.99. | B25: Otros impuestos sobre bienes y servicios | D25: 0 | E25: 0
A26: 4.1.4. | B26: Impuestos sobre el comercio exterior y transacciones internacionales | C26: 34 | D26: =SUM(D27:D29) -> 0 | E26: =SUM(E27:E29) -> 0
A27: 4.1.4.01. | B27: Impuestos a las importaciones | D27: 0 | E27: 0
A28: 4.1.4.02. | B28: Impuestos a las exportaciones | D28: 0 | E28: 0
A29: 4.1.4.99. | B29: Otros impuestos sobre el comercio exterior y transacciones internacionales | D29: 0 | E29: 0
A30: 4.1.9. | B30: Otros impuestos | C30: 35 | D30: =SUM(D31:D31) -> 0 | E30: =SUM(E31:E31) -> 0
A31: 4.1.9.99. | B31: Otros impuestos sin discriminar | D31: 0 | E31: 0
A32: 4.2. | B32: Contribuciones sociales
A33: 4.2.1. | B33: Contribuciones a la seguridad social | C33: 36 | D33: =SUM(D34:D36) -> 0 | E33: =SUM(E34:E36) -> 0
A34: 4.2.1.01. | B34: Contribuciones al seguro de pensiones | D34: 0 | E34: 0
A35: 4.2.1.02. | B35: Contribuciones a regímenes especiales de pensiones | D35: 0 | E35: 0
A36: 4.2.1.03. | B36: Contribuciones al seguro de salud | D36: 0 | E36: 0
A37: 4.2.9. | B37: Contribuciones sociales diversas | C37: 37 | D37: =SUM(D38:D38) -> 0 | E37: =SUM(E38:E38) -> 0
A38: 4.2.9.99. | B38: Otras contribuciones sociales | D38: 0 | E38: 0
A39: 4.3. | B39: Multas, sanciones, remates y confiscaciones de origen no tributario
A40: 4.3.1. | B40: Multas y sanciones administrativas | C40: 38 | D40: =SUM(D41:D44) -> 0 | E40: =SUM(E41:E44) -> 0
A41: 4.3.1.01. | B41: Multas de tránsito | D41: 0 | E41: 0
A42: 4.3.1.02. | B42: Multas por atraso en el pago de bienes y servicios | D42: 0 | E42: 0
A43: 4.3.1.03. | B43: Sanciones administrativas | D43: 0 | E43: 0
A44: 4.3.1.99. | B44: Otras multas | D44: 0 | E44: 0
A45: 4.3.2. | B45: Remates y confiscaciones de origen no tributario | C45: 39 | D45: =SUM(D46:D46) -> 0 | E45: =SUM(E46:E46) -> 0
A46: 4.3.2.99. | B46: Otros remates y confiscaciones de origen no tributario | D46: 0 | E46: 0
A47: 4.3.3. | B47: Intereses moratorios | C47: 40 | D47: =SUM(D48:D49) -> 0 | E47: =SUM(E48:E49) -> 0
A48: 4.3.3.01. | B48: Otros remates y confiscaciones de origen no tributario | D48: 0 | E48: 0
A49: 4.3.3.02. | B49: Intereses moratorios por atraso en el pago de multas de transito | D49: 0 | E49: 0
A50: 4.4. | B50: Ingresos y resultados positivos por ventas
A51: 4.4.1. | B51: Ventas de bienes y servicios | C51: 41 | D51: =SUM(D52:D53) -> 0 | E51: =SUM(E52:E53) -> 0
A52: 4.4.1.01. | B52: Ventas de bienes | D52: 0 | E52: 0
A53: 4.4.1.02. | B53: Ventas de servicios | D53: 0 | E53: 0
A54: 4.4.2. | B54: Derechos administrativos | C54: 42 | D54: =SUM(D55:D56) -> 0 | E54: =SUM(E55:E56) -> 0
A55: 4.4.2.01. | B55: Derechos administrativos a los servicios de transporte | D55: 0 | E55: 0
A56: 4.4.2.99. | B56: Otros derechos administrativos | D56: 0 | E56: 0
A57: 4.4.3. | B57: Comisiones por préstamos | C57: 43 | D57: =SUM(D58:D60) -> 0 | E57: =SUM(E58:E60) -> 0
A58: 4.4.3.01. | B58: Comisiones por préstamos al sector privado interno | D58: 0 | E58: 0
A59: 4.4.3.02. | B59: Comisiones por préstamos al sector público interno | D59: 0 | E59: 0
A60: 4.4.3.03. | B60: Comisiones por préstamos al sector externo | D60: 0 | E60: 0
A61: 4.4.4. | B61: Resultados positivos por ventas de inversiones | C61: 44 | D61: =SUM(D62:D63) -> 0 | E61: =SUM(E62:E63) -> 0
A62: 4.4.4.01. | B62: Resultados positivos por ventas de inversiones patrimoniales - Método de participación | D62: 0 | E62: 0
A63: 4.4.4.98. | B63: Resultados positivos por ventas de otras inversiones | D63: 0 | E63: 0
A64: 4.4.5. | B64: Resultados positivos por ventas e intercambio de bienes | C64: 45 | D64: =SUM(D65:D74) -> 0 | E64: =SUM(E65:E74) -> 0
A65: 4.4.5.01. | B65: Resultados positivos por ventas de construcciones terminadas | D65: 0 | E65: 0
A66: 4.4.5.02. | B66: Resultados positivos por ventas de propiedades, planta y equipo | D66: 0 | E66: 0
A67: 4.4.5.03. | B67: Resultados positivos por ventas de activos biológicos | D67: 0 | E67: 0
A68: 4.4.5.04. | B68: Resultados positivos por ventas de bienes intangibles | D68: 0 | E68: 0
A69: 4.4.5.05. | B69: Resultados positivos por ventas por arrendamientos financieros | D69: 0 | E69: 0
A70: 4.4.5.06. | B70: Resultados positivos por intercambio de propiedades, planta y equipo | D70: 0 | E70: 0
A71: 4.4.5.07. | B71: Resultados positivos por intercambio de bienes intangibles | D71: 0 | E71: 0
A72: 4.4.5.08. | B72: Resultados positivos por intercambio de Inventario | D72: 0 | E72: 0
A73: 4.4.5.09. | B73: Resultados positivos por la entrega de activos como medio de pago de impuestos | D73: 0 | E73: 0
A74: 4.4.5.10. | B74: Resultados positivos por intercambio de Infra | D74: 0 | E74: 0
A75: 4.4.6. | B75: Resultados positivos por la recuperacion de dinero mal agreditado de periodos anteriores | C75: 46 | D75: =SUM(D76:D77) -> 0 | E75: =SUM(E76:E77) -> 0
A76: 4.4.6.01. | B76: Resultados positivos por la recuperacion de sumas de periodos anteriores | D76: 0 | E76: 0
A77: 4.5. | B77: Ingresos de la propiedad
A78: 4.5.1. | B78: Rentas de inversiones y de colocación de efectivo | C78: 47 | D78: =SUM(D79:D81) -> 0.00079 | E78: =SUM(E79:E81) -> 0.00283
A79: 4.5.1.01. | B79: Intereses por equivalentes de efectivo | D79: 0.00079 | E79: 0.00283
A80: 4.5.1.02. | B80: Intereses por títulos y valores a costo amortizado | D80: 0 | E80: 0
A81: 4.5.1.98. | B81: Resultados positivos de otras inversiones | D81: 0 | E81: 0
A82: 4.5.2. | B82: Alquileres y derechos sobre bienes | C82: 48 | D82: =SUM(D83:D85) -> 0.00079 | E82: =SUM(E83:E85) -> 0.00283
A83: 4.5.2.01. | B83: Alquileres | D83: 0.00079 | E83: 0.00283
A84: 4.5.2.02. | B84: Ingresos por concesiones | D84: 0 | E84: 0
A85: 4.5.2.03. | B85: Derechos sobre bienes intangibles | D85: 0 | E85: 0
A86: 4.5.9. | B86: Otros ingresos de la propiedad | C86: 49 | D86: =SUM(D87:D92) -> 0 | E86: =SUM(E87:E92) -> 0
A87: 4.5.9.03. | B87: Intereses por ventas | D87: =IFERROR(VLOOKUP(A87,[1]BL!A:D,4,0),0) -> 0 | E87: =IFERROR(VLOOKUP(A87,[1]BL!F:I,4,0),0) -> 0
A88: 4.5.9.07. | B88: Intereses por préstamos | D88: =IFERROR(VLOOKUP(A88,[1]BL!A:D,4,0),0) -> 0 | E88: =IFERROR(VLOOKUP(A88,[1]BL!F:I,4,0),0) -> 0
A89: 4.5.9.08. | B89: Intereses por documentos a cobrar | D89: =IFERROR(VLOOKUP(A89,[1]BL!A:D,4,0),0) -> 0 | E89: =IFERROR(VLOOKUP(A89,[1]BL!F:I,4,0),0) -> 0
A90: 4.5.9.10. | B90: Intereses por deudores por avales ejecutados | D90: =IFERROR(VLOOKUP(A90,[1]BL!A:D,4,0),0) -> 0 | E90: =IFERROR(VLOOKUP(A90,[1]BL!F:I,4,0),0) -> 0
A91: 4.5.9.97. | B91: Intereses por cuentas a cobrar en gestión judicial | D91: =IFERROR(VLOOKUP(A91,[1]BL!A:D,4,0),0) -> 0 | E91: =IFERROR(VLOOKUP(A91,[1]BL!F:I,4,0),0) -> 0
A92: 4.5.9.99. | B92: Intereses por otras cuentas a cobrar | D92: =IFERROR(VLOOKUP(A92,[1]BL!A:D,4,0),0) -> 0 | E92: =IFERROR(VLOOKUP(A92,[1]BL!F:I,4,0),0) -> 0
A93: 4.6. | B93: Transferencias
A94: 4.6.1. | B94: Transferencias corrientes | C94: 50 | D94: =SUM(D95:D97) -> 707576.5 | E94: =SUM(E95:E97) -> 709431.86
A95: 4.6.1.01. | B95: Transferencias corrientes del sector privado interno | D95: 0 | E95: 0
A96: 4.6.1.02. | B96: Transferencias corrientes del sector público interno | D96: 707576.5 | E96: 709431.86
A97: 4.6.1.03. | B97: Transferencias corrientes del sector externo | D97: 0 | E97: 0
A98: 4.6.2. | B98: Transferencias de capital | C98: 51 | D98: =SUM(D99:D101) -> 0 | E98: =SUM(E99:E101) -> 12194.68
A99: 4.6.2.01. | B99: Transferencias de capital del sector privado interno | D99: 0 | E99: 0
A100: 4.6.2.02. | B100: Transferencias de capital del sector público interno | D100: 0 | E100: 12194.68
A101: 4.6.2.03. | B101: Transferencias de capital del sector externo | D101: 0 | E101: 0
A102: 4.9. | B102: Otros ingresos
...

Sheet EstadoSituacionEvolucionBienes
A2: =Data!N1 -> Promotora Costarricense Innovación e Investigación (PROMOTORA)
A3: Estado de Situación y Evolución de Bienes
A4: =+EstadoResultados_Rendimiento!A3 -> Del 01 de Enero de 2024 al 30 de Junio de 2024
A5: En miles de colones
A7: Cuenta | B7: Descripción(*) | C7: Saldos al Inicio | H7: Movimientos en el ejercicio | O7: Saldos al cierre | P7: Depreciaciones / Agotamiento / Amortizaciones | U7: Valores residuales al cierre
C8: Valores de Origen | D8: Mejoras Inversiones | E8: Revaluaciones | F8: Deterioros | G8: Totales al inicio | H8: Altas | I8: Bajas | J8: Mejoras Inversiones | K8: Revaluaciones | L8: Deterioros | M8: Otros Movimientos | N8: Totales Movimientos del Ejercicio | P8: Acumuladas al inicio | Q8: Incrementos | R8: Bajas | S8: Del ejercicio | T8: Acumuladas al cierre
A10: 1.2.5. | B10: BIENES NO CONCESIONADOS
A11: 1.2.5.01 | B11: Propiedades, planta y equipos explotados | C11: =SUM(C12:C23) -> 1577416.9 | D11: =SUM(D12:D23) -> 0 | E11: =SUM(E12:E23) -> 485072.69 | F11: =SUM(F12:F23) -> -114638.26 | G11: =SUM(G12:G23) -> 1947851.4 | H11: =SUM(H12:H23) -> 515.78485 | I11: =SUM(I12:I23) -> -396.38995 | J11: =SUM(J12:J23) -> 0 | ... U11: =SUM(U12:U23) -> 1523910.3
A12: 1.2.5.01.01. | B12: Tierras y terrenos | C12: 199.9896 | E12: 431153.06 | G12: =+C12+D12+E12+F12 -> 431353.05 | N12: =SUM(H12:M12) -> 0 | O12: =+G12+N12 -> 431353.05 | P12: 0 | Q12: 0 | S12: =+Q12-R12 -> 0 | T12: =+P12+S12 -> 0 | U12: =+O12+T12 -> 431353.05
A13: 1.2.5.01.02. | B13: Edificios | C13: 1283075.4 | E13: 39798.873 | F13: -109609.25 | G13: =+C13+D13+E13+F13 -> 1213265 | N13: =SUM(H13:M13) -> 0 | O13: =+G13+N13 -> 1213265 | P13: -187300.11 | Q13: -11069.646 | S13: =+Q13-R13 -> -11069.646 | T13: =+P13+S13 -> -198369.75 | U13: =+O13+T13 -> 1014895.3
A14: 1.2.5.01.03. | B14: Maquinaria y equipos para la producción | C14: 16267.079 | G14: =+C14+D14+E14+F14 -> 16267.079 | N14: =SUM(H14:M14) -> 0 | O14: =+G14+N14 -> 16267.079 | P14: -8497.5481 | Q14: -504.88956 | S14: =+Q14-R14 -> -504.88956 | T14: =+P14+S14 -> -9002.4376 | U14: =+O14+T14 -> 7264.6417
A15: 1.2.5.01.04. | B15: Equipos de transporte, tracción y elevación | C15: 36171.687 | E15: 13617.627 | G15: =+C15+D15+E15+F15 -> 49789.314 | N15: =SUM(H15:M15) -> 0 | O15: =+G15+N15 -> 49789.314 | P15: -36098.689 | Q15: 0 | S15: =+Q15-R15 -> 0 | T15: =+P15+S15 -> -36098.689 | U15: =+O15+T15 -> 13690.625
A16: 1.2.5.01.05. | B16: Equipos de comunicación | C16: 18858.005 | F16: -130.59375 | G16: =+C16+D16+E16+F16 -> 18727.412 | I16: -4 | N16: =SUM(H16:M16) -> -4 | O16: =+G16+N16 -> 18723.412 | P16: -14097.821 | Q16: -476.05757 | S16: =+Q16-R16 -> -476.05757 | T16: =+P16+S16 -> -14573.878 | U16: =+O16+T16 -> 4149.533
A17: 1.2.5.01.06. | B17: Equipos y mobiliario de oficina | C17: 68523.569 | E17: 503.1314 | F17: -4515.3334 | G17: =+C17+D17+E17+F17 -> 64511.367 | I17: -273.48288 | N17: =SUM(H17:M17) -> -273.48288 | O17: =+G17+N17 -> 64237.884 | P17: -48229.606 | Q17: -2443.3812 | S17: =+Q17-R17 -> -2443.3812 | T17: =+P17+S17 -> -50672.987 | U17: =+O17+T17 -> 13564.897
A18: 1.2.5.01.07. | B18: Equipos para computación | C18: 148253.94 | F18: -383.07506 | G18: =+C18+D18+E18+F18 -> 147870.87 | H18: 515.78485 | I18: -118.73887 | N18: =SUM(H18:M18) -> 397.04598 | O18: =+G18+N18 -> 148267.92 | P18: -104611.02 | Q18: -6330.8569 | S18: =+Q18-R18 -> -6330.8569 | T18: =+P18+S18 -> -110941.88 | U18: =+O18+T18 -> 37326.039
A19: 1.2.5.01.08. | B19: Equipos sanitario, de laboratorio e investigación | C19: 423.985 | G19: =+C19+D19+E19+F19 -> 423.985 | N19: =SUM(H19:M19) -> 0 | O19: =+G19+N19 -> 423.985 | P19: -365.334 | Q19: -4.4325 | S19: =+Q19-R19 -> -4.4325 | T19: =+P19+S19 -> -369.7665 | U19: =+O19+T19 -> 54.2185
A20: 1.2.5.01.09. | B20: Equipos y mobiliario educacional, deportivo y recreativo | C20: 1526.848 | G20: =+C20+D20+E20+F20 -> 1526.848 | N20: =SUM(H20:M20) -> 0 | O20: =+G20+N20 -> 1526.848 | P20: -1349.0182 | Q20: -10.37784 | S20: =+Q20-R20 -> -10.37784 | T20: =+P20+S20 -> -1359.3961 | U20: =+O20+T20 -> 167.45195
A21: 1.2.5.01.10. | B21: Equipos de seguridad, orden, vigilancia y control público | C21: 1774.1716 | G21: =+C21+D21+E21+F21 -> 1774.1716 | I21: -0.1682 | N21: =SUM(H21:M21) -> -0.1682 | O21: =+G21+N21 -> 1774.0034 | P21: -920.91978 | Q21: -38.2731 | S21: =+Q21-R21 -> -38.2731 | T21: =+P21+S21 -> -959.19288 | U21: =+O21+T21 -> 814.81057
A22: 1.2.5.01.11. | B22: Semovientes | C22: 0 | G22: =+C22+D22+E22+F22 -> 0 | N22: =SUM(H22:M22) -> 0 | O22: =+G22+N22 -> 0 | P22: 0 | Q22: 0 | S22: =+Q22-R22 -> 0 | T22: =+P22+S22 -> 0 | U22: =+O22+T22 -> 0
A23: 1.2.5.01.99. | B23: Maquinarias, equipos y mobiliarios diversos | C23: 2342.2616 | G23: =+C23+D23+E23+F23 -> 2342.2616 | N23: =SUM(H23:M23) -> 0 | O23: =+G23+N23 -> 2342.2616 | P23: -1612.4485 | Q23: -100.0397 | S23: =+Q23-R23 -> -100.0397 | T23: =+P23+S23 -> -1712.4882 | U23: =+O23+T23 -> 629.77348
A24: 1.2.5.02 | B24: Propiedades de inversión | C24: =SUM(C25:C29) -> 0 | D24: =SUM(D25:D29) -> 0 | E24: =SUM(E25:E29) -> 0 | F24: =SUM(F25:F29) -> 0 | G24: =SUM(G25:G29) -> 0 | H24: =SUM(H25:H29) -> 0 | I24: =SUM(I25:I29) -> 0 | J24: =SUM(J25:J29) -> 0 | ... U24: =SUM(U25:U29) -> 0
A25: 1.2.5.02.01. | B25: Tierras y terrenos | G25: =+C25+D25+E25-F25 -> 0 | N25: =SUM(H25:M25) -> 0 | O25: =+G25+N25 -> 0 | S25: =+Q25-R25 -> 0 | T25: =+P25+S25 -> 0 | U25: =+O25+T25 -> 0
A26: 1.2.5.02.02. | B26: Edificios | G26: =+C26+D26+E26-F26 -> 0 | N26: =SUM(H26:M26) -> 0 | O26: =+G26+N26 -> 0 | S26: =+Q26-R26 -> 0 | T26: =+P26+S26 -> 0 | U26: =+O26+T26 -> 0
A27: 1.2.5.03 | B27: Activos Biológicos no concesionados | N27: =SUM(H27:M27) -> 0 | S27: =+Q27-R27 -> 0 | T27: =+P27+S27 -> 0
A28: 1.2.5.03.01. | B28: Plantas y árboles | G28: =+C28+D28+E28-F28 -> 0 | N28: =SUM(H28:M28) -> 0 | O28: =+G28+N28 -> 0 | S28: =+Q28-R28 -> 0 | T28: =+P28+S28 -> 0 | U28: =+O28+T28 -> 0
A29: 1.2.5.03.02. | B29: Semovientes | G29: =+C29+D29+E29-F29 -> 0 | N29: =SUM(H29:M29) -> 0 | O29: =+G29+N29 -> 0 | S29: =+Q29-R29 -> 0 | T29: =+P29+S29 -> 0 | U29: =+O29+T29 -> 0
A30: 1.2.5.04 | B30: Bienes de infraestructura y de beneficio y uso público en servicio | C30: =SUM(C31:C34) -> 0 | D30: =SUM(D31:D34) -> 0 | E30: =SUM(E31:E34) -> 0 | F30: =SUM(F31:F34) -> 0 | G30: =SUM(G31:G34) -> 0 | H30: =SUM(H31:H34) -> 0 | I30: =SUM(I31:I34) -> 0 | J30: =SUM(J31:J34) -> 0 | ... U30: =SUM(U31:U34) -> 0
A31: 1.2.5.04.01. | B31: Vias de comunicación terrestre | G31: =+C31+D31+E31-F31 -> 0 | N31: =SUM(H31:M31) -> 0 | O31: =+G31+N31 -> 0 | S31: =+Q31-R31 -> 0 | T31: =+P31+S31 -> 0 | U31: =+O31+T31 -> 0
A32: 1.2.5.04.02. | B32: Obras marítimas y fluviales | G32: =+C32+D32+E32-F32 -> 0 | N32: =SUM(H32:M32) -> 0 | O32: =+G32+N32 -> 0 | S32: =+Q32-R32 -> 0 | T32: =+P32+S32 -> 0 | U32: =+O32+T32 -> 0
A33: 1.2.5.04.03. | B33: Centrales y redes de comunicación y energía | G33: =+C33+D33+E33-F33 -> 0 | N33: =SUM(H33:M33) -> 0 | O33: =+G33+N33 -> 0 | S33: =+Q33-R33 -> 0 | T33: =+P33+S33 -> 0 | U33: =+O33+T33 -> 0
A34: 1.2.5.04.99. | B34: Otros bienes de infraestructura y de beneficio y uso público en servicio | G34: =+C34+D34+E34-F34 -> 0 | N34: =SUM(H34:M34) -> 0 | O34: =+G34+N34 -> 0 | S34: =+Q34-R34 -> 0 | T34: =+P34+S34 -> 0 | U34: =+O34+T34 -> 0
A35: 1.2.5.05 | B35: Bienes históricos y culturales | C35: =SUM(C36:C38) -> 0 | D35: =SUM(D36:D38) -> 0 | E35: =SUM(E36:E38) -> 0 | F35: =SUM(F36:F38) -> 0 | G35: =SUM(G36:G38) -> 0 | H35: =SUM(H36:H38) -> 0 | I35: =SUM(I36:I38) -> 0 | J35: =SUM(J36:J38) -> 0 | ... U35: =SUM(U36:U38) -> 0
A36: 1.2.5.05.01. | B36: Inmuebles históricos y culturales | G36: =+C36+D36+E36-F36 -> 0 | N36: =SUM(H36:M36) -> 0 | O36: =+G36+N36 -> 0 | S36: =+Q36-R36 -> 0 | T36: =+P36+S36 -> 0 | U36: =+O36+T36 -> 0
A37: 1.2.5.05.02. | B37: Piezas y obras históricas y de colección | G37: =+C37+D37+E37-F37 -> 0 | N37: =SUM(H37:M37) -> 0 | O37: =+G37+N37 -> 0 | S37: =+Q37-R37 -> 0 | T37: =+P37+S37 -> 0 | U37: =+O37+T37 -> 0
A38: 1.2.5.05.99. | B38: Otros bienes históricos y culturales | G38: =+C38+D38+E38-F38 -> 0 | N38: =SUM(H38:M38) -> 0 | O38: =+G38+N38 -> 0 | S38: =+Q38-R38 -> 0 | T38: =+P38+S38 -> 0 | U38: =+O38+T38 -> 0
A39: 1.2.5.06 | B39: Recursos naturales en explotación | C39: =SUM(C40:C41) -> 0 | D39: =SUM(D40:D41) -> 0 | E39: =SUM(E40:E41) -> 0 | F39: =SUM(F40:F41) -> 0 | G39: =SUM(G40:G41) -> 0 | H39: =SUM(H40:H41) -> 0 | I39: =SUM(I40:I41) -> 0 | J39: =SUM(J40:J41) -> 0 | ... U39: =SUM(U40:U41) -> 0
A40: 1.2.5.06.01. | B40: Recursos naturales no renovables | G40: =+C40+D40+E40-F40 -> 0 | N40: =SUM(H40:M40) -> 0 | O40: =+G40+N40 -> 0 | S40: =+Q40-R40 -> 0 | T40: =+P40+S40 -> 0 | U40: =+O40+T40 -> 0
A41: 1.2.5.06.02. | B41: Recursos naturales renovables | G41: =+C41+D41+E41-F41 -> 0 | N41: =SUM(H41:M41) -> 0 | O41: =+G41+N41 -> 0 | S41: =+Q41-R41 -> 0 | T41: =+P41+S41 -> 0 | U41: =+O41+T41 -> 0
A42: 1.2.5.07 | B42: Recursos naturales en conservación | C42: =SUM(C43:C44) -> 0 | D42: =SUM(D43:D44) -> 0 | E42: =SUM(E43:E44) -> 0 | F42: =SUM(F43:F44) -> 0 | G42: =SUM(G43:G44) -> 0 | H42: =SUM(H43:H44) -> 0 | I42: =SUM(I43:I44) -> 0 | J42: =SUM(J43:J44) -> 0 | ... U42: =SUM(U43:U44) -> 0
A43: 1.2.5.07.01. | B43: Recursos naturales no renovables | G43: =+C43+D43+E43-F43 -> 0 | N43: =SUM(H43:M43) -> 0 | O43: =+G43+N43 -> 0 | S43: =+P43+Q43-R43 -> 0 | T43: =+P43+S43 -> 0 | U43: =+O43+T43 -> 0
A44: 1.2.5.07.02. | B44: Recursos naturales renovables | G44: =+C44+D44+E44-F44 -> 0 | N44: =SUM(H44:M44) -> 0 | O44: =+G44+N44 -> 0 | S44: =+P44+Q44-R44 -> 0 | T44: =+P44+S44 -> 0 | U44: =+O44+T44 -> 0
A45: 1.2.5.08 | B45: Bienes intangibles | C45: =SUM(C46:C49) -> 25018.065 | D45: =SUM(D46:D49) -> 0 | E45: =SUM(E46:E49) -> 0 | F45: =SUM(F46:F49) -> 0 | G45: =SUM(G46:G49) -> 25018.065 | H45: =SUM(H46:H49) -> 0 | I45: =SUM(I46:I49) -> 0 | J45: =SUM(J46:J49) -> 0 | ... U45: =SUM(U46:U49) -> 8790.4322
A46: 1.2.5.08.01. | B46: Patentes y marcas registradas | G46: =+C46+D46+E46-F46 -> 0 | N46: =SUM(H46:M46) -> 0 | O46: =+G46+N46 -> 0 | S46: =+Q46-R46 -> 0 | T46: =+P46+S46 -> 0 | U46: =+O46+T46 -> 0
A47: 1.2.5.08.02. | B47: Derechos de autor | G47: =+C47+D47+E47-F47 -> 0 | N47: =SUM(H47:M47) -> 0 | O47: =+G47+N47 -> 0 | S47: =+Q47-R47 -> 0 | T47: =+P47+S47 -> 0 | U47: =+O47+T47 -> 0
A48: 1.2.5.08.03. | B48: Software y programas | C48: 24657.196 | G48: =+C48+D48+E48-F48 -> 24657.196 | N48: =SUM(H48:M48) -> 0 | O48: =+G48+N48 -> 24657.196 | P48: -11033.153 | Q48: -5194.4791 | S48: =+Q48-R48 -> -5194.4791 | T48: =+P48+S48 -> -16227.632 | U48: =+O48+T48 -> 8429.5632
A49: 1.2.5.08.99. | B49: Otros bienes intangibles | C49: 360.869 | G49: =+C49+D49+E49-F49 -> 360.869 | N49: =SUM(H49:M49) -> 0 | O49: =+G49+N49 -> 360.869 | P49: 0 | Q49: 0 | S49: =+Q49-R49 -> 0 | T49: =+P49+S49 -> 0 | U49: =+O49+T49 -> 360.869
A50: 1.2.5.99 | B50: Bienes no concesionados en proceso de producción | C50: =SUM(C51:C54) -> 0 | D50: =SUM(D51:D54) -> 0 | E50: =SUM(E51:E54) -> 0 | F50: =SUM(F51:F54) -> 0 | G50: =SUM(G51:G54) -> 0 | H50: =SUM(H51:H54) -> 0 | I50: =SUM(I51:I54) -> 0 | J50: =SUM(J51:J54) -> 0 | ... U50: =SUM(U51:U54) -> 0
A51: 1.2.5.99.01 | B51: Propiedades, planta y equipo | G51: =+C51+D51+E51-F51 -> 0 | N51: =SUM(H51:M51) -> 0 | O51: =+G51+N51 -> 0 | S51: =+Q51-R51 -> 0 | T51: =+P51+S51 -> 0 | U51: =+O51+T51 -> 0
A52: 1.2.5.99.04 | B52: Bienes de infraestructura y de beneficio y uso público | G52: =+C52+D52+E52-F52 -> 0 | N52: =SUM(H52:M52) -> 0 | O52: =+G52+N52 -> 0 | S52: =+Q52-R52 -> 0 | T52: =+P52+S52 -> 0 | U52: =+O52+T52 -> 0
A53: 1.2.5.99.05 | B53: Bienes culturales | G53: =+C53+D53+E53-F53 -> 0 | N53: =SUM(H53:M53) -> 0 | O53: =+G53+N53 -> 0 | S53: =+Q53-R53 -> 0 | T53: =+P53+S53 -> 0 | U53: =+O53+T53 -> 0
A54: 1.2.5.99.08 | B54: Bienes intangibles | G54: =+C54+D54+E54-F54 -> 0 | N54: =SUM(H54:M54) -> 0 | O54: =+G54+N54 -> 0 | S54: =+Q54-R54 -> 0 | T54: =+P54+S54 -> 0 | U54: =+O54+T54 -> 0
A55: SUBTOTALES BIENES NO CONCESIONADOS | C55: =C11+C24+C30+C35+C39+C42+C45+C50 -> 1602435 | D55: =D11+D24+D30+D35+D39+D42+D45+D50 -> 0 | E55: =E11+E24+E30+E35+E39+E42+E45+E50 -> 485072.69 | F55: =F11+F24+F30+F35+F39+F42+F45+F50 -> -114638.26 | G55: =G11+G24+G30+G35+G39+G42+G45+G50 -> 1972869.4 | H55: =H11+H24+H30+H35+H39+H42+H45+H50 -> 515.78485 | I55: =I11+I24+I30+I35+I39+I42+I45+I50 -> -396.38995 | J55: =J11+J24+J30+J35+J39+J42+J45+J50 -> 0 | ... U55: =U11+U24+U30+U35+U39+U42+U45+U50 -> 1532700.7
A56: 1.2.6 | B56: BIENES CONCESIONADOS
A57: 1.2.6.01 | B57: Propiedades, planta y equipos | C57: =SUM(C58:C69) -> 0 | D57: =SUM(D58:D69) -> 0 | E57: =SUM(E58:E69) -> 0 | F57: =SUM(F58:F69) -> 0 | G57: =SUM(G58:G69) -> 0 | H57: =SUM(H58:H69) -> 0 | I57: =SUM(I58:I69) -> 0 | J57: =SUM(J58:J69) -> 0 | ... U57: =SUM(U58:U69) -> 0
A58: 1.2.6.01.01 | B58: Tierras y terrenos | G58: =+C58+D58+E58-F58 -> 0 | O58: =+G58+N58 -> 0 | S58: =+Q58-R58 -> 0 | T58: =+P58+S58 -> 0 | U58: =+O58+T58 -> 0
A59: 1.2.6.01.02 | B59: Edificios | G59: =+C59+D59+E59-F59 -> 0 | O59: =+G59+N59 -> 0 | S59: =+Q59-R59 -> 0 | T59: =+P59+S59 -> 0 | U59: =+O59+T59 -> 0
A60: 1.2.6.01.03 | B60: Maquinaria y equipos para la producción | G60: =+C60+D60+E60-F60 -> 0 | O60: =+G60+N60 -> 0 | S60: =+Q60-R60 -> 0 | T60: =+P60+S60 -> 0 | U60: =+O60+T60 -> 0
A61: 1.2.6.01.04 | B61: Equipos de transporte, tracción y elevación | G61: =+C61+D61+E61-F61 -> 0 | O61: =+G61+N61 -> 0 | S61: =+Q61-R61 -> 0 | T61: =+P61+S61 -> 0 | U61: =+O61+T61 -> 0
A62: 1.2.6.01.05 | B62: Equipos de comunicación | G62: =+C62+D62+E62-F62 -> 0 | O62: =+G62+N62 -> 0 | S62: =+Q62-R62 -> 0 | T62: =+P62+S62 -> 0 | U62: =+O62+T62 -> 0
A63: 1.2.6.01.06 | B63: Equipos y mobiliario de oficina | G63: =+C63+D63+E63-F63 -> 0 | O63: =+G63+N63 -> 0 | S63: =+Q63-R63 -> 0 | T63: =+P63+S63 -> 0 | U63: =+O63+T63 -> 0
A64: 1.2.6.01.07 | B64: Equipos para computación | G64: =+C64+D64+E64-F64 -> 0 | O64: =+G64+N64 -> 0 | S64: =+Q64-R64 -> 0 | T64: =+P64+S64 -> 0 | U64: =+O64+T64 -> 0
A65: 1.2.6.01.08 | B65: Equipos sanitario, de laboratorio e investigación | G65: =+C65+D65+E65-F65 -> 0 | O65: =+G65+N65 -> 0 | S65: =+Q65-R65 -> 0 | T65: =+P65+S65 -> 0 | U65: =+O65+T65 -> 0
A66: 1.2.6.01.09 | B66: Equipos y mobiliario educacional, deportivo y recreativo | G66: =+C66+D66+E66-F66 -> 0 | O66: =+G66+N66 -> 0 | S66: =+Q66-R66 -> 0 | T66: =+P66+S66 -> 0 | U66: =+O66+T66 -> 0
A67: 1.2.6.01.10 | B67: Equipos de seguridad, orden, vigilancia y control público | G67: =+C67+D67+E67-F67 -> 0 | O67: =+G67+N67 -> 0 | S67: =+Q67-R67 -> 0 | T67: =+P67+S67 -> 0 | U67: =+O67+T67 -> 0
A68: 1.2.6.01.11 | B68: Semovientes | G68: =+C68+D68+E68-F68 -> 0 | O68: =+G68+N68 -> 0 | S68: =+Q68-R68 -> 0 | T68: =+P68+S68 -> 0 | U68: =+O68+T68 -> 0
A69: 1.2.6.01.99 | B69: Maquinarias, equipos y mobiliarios diversos | G69: =+C69+D69+E69-F69 -> 0 | O69: =+G69+N69 -> 0 | S69: =+Q69-R69 -> 0 | T69: =+P69+S69 -> 0 | U69: =+O69+T69 -> 0
A70: 1.2.6.03 | B70: Activos biológicos | C70: =SUM(C71:C72) -> 0 | D70: =SUM(D71:D72) -> 0 | E70: =SUM(E71:E72) -> 0 | F70: =SUM(F71:F72) -> 0 | G70: =SUM(G71:G72) -> 0 | H70: =SUM(H71:H72) -> 0 | I70: =SUM(I71:I72) -> 0 | J70: =SUM(J71:J72) -> 0 | ... U70: =SUM(U71:U72) -> 0
A71: 1.2.6.03.01 | B71: Plantas y árboles | G71: =+C71+D71+E71-F71 -> 0 | O71: =+G71+N71 -> 0 | S71: =+Q71-R71 -> 0 | T71: =+P71+S71 -> 0 | U71: =+O71+T71 -> 0
A72: 1.2.6.03.02 | B72: Semovientes | G72: =+C72+D72+E72-F72 -> 0 | O72: =+G72+N72 -> 0 | S72: =+Q72-R72 -> 0 | T72: =+P72+S72 -> 0 | U72: =+O72+T72 -> 0
A73: 1.2.6.04 | B73: Bienes de infraestructura y de beneficio y uso público | C73: =SUM(C74:C77) -> 0 | D73: =SUM(D74:D77) -> 0 | E73: =SUM(E74:E77) -> 0 | F73: =SUM(F74:F77) -> 0 | G73: =SUM(G74:G77) -> 0 | H73: =SUM(H74:H77) -> 0 | I73: =SUM(I74:I77) -> 0 | J73: =SUM(J74:J77) -> 0 | ... U73: =SUM(U74:U77) -> 0
A74: 1.2.6.04.01 | B74: Vias de comunicación terrestre | G74: =+C74+D74+E74-F74 -> 0 | O74: =+G74+N74 -> 0 | S74: =+Q74-R74 -> 0 | T74: =+P74+S74 -> 0 | U74: =+O74+T74 -> 0
A75: 1.2.6.04.02 | B75: Obras marítimas y fluviales | G75: =+C75+D75+E75-F75 -> 0 | O75: =+G75+N75 -> 0 | S75: =+Q75-R75 -> 0 | T75: =+P75+S75 -> 0 | U75: =+O75+T75 -> 0
A76: 1.2.6.04.03 | B76: Centrales y redes de comunicación y energía | G76: =+C76+D76+E76-F76 -> 0 | O76: =+G76+N76 -> 0 | S76: =+Q76-R76 -> 0 | T76: =+P76+S76 -> 0 | U76: =+O76+T76 -> 0
A77: 1.2.6.04.99 | B77: Otros bienes de infraestructura y de beneficio y uso público en servicio | G77: =+C77+D77+E77-F77 -> 0 | O77: =+G77+N77 -> 0 | S77: =+Q77-R77 -> 0 | T77: =+P77+S77 -> 0 | U77: =+O77+T77 -> 0
A78: 1.2.6.06 | B78: Recursos naturales | C78: =SUM(C79:C80) -> 0 | D78: =SUM(D79:D80) -> 0 | E78: =SUM(E79:E80) -> 0 | F78: =SUM(F79:F80) -> 0 | G78: =SUM(G79:G80) -> 0 | H78: =SUM(H79:H80) -> 0 | I78: =SUM(I79:I80) -> 0 | J78: =SUM(J79:J80) -> 0 | ... U78: =SUM(U79:U80) -> 0
A79: 1.2.6.06.01 | B79: Recursos naturales no renovables | G79: =+C79+D79+E79-F79 -> 0 | O79: =+G79+N79 -> 0 | S79: =+P79+Q79-R79 -> 0 | T79: =+P79+S79 -> 0 | U79: =+O79+T79 -> 0
A80: 1.2.6.06.02 | B80: Recursos naturales renovables | G80: =+C80+D80+E80-F80 -> 0 | O80: =+G80+N80 -> 0 | S80: =+P80+Q80-R80 -> 0 | T80: =+P80+S80 -> 0 | U80: =+O80+T80 -> 0
A81: 1.2.6.08 | B81: Bienes intangibles | C81: =SUM(C82:C85) -> 0 | D81: =SUM(D82:D85) -> 0 | E81: =SUM(E82:E85) -> 0 | F81: =SUM(F82:F85) -> 0 | G81: =SUM(G82:G85) -> 0 | H81: =SUM(H82:H85) -> 0 | I81: =SUM(I82:I85) -> 0 | J81: =SUM(J82:J85) -> 0 | ... U81: =SUM(U82:U85) -> 0
A82: 1.2.6.08.01 | B82: Patentes y marcas registradas | G82: =+C82+D82+E82-F82 -> 0 | O82: =+G82+N82 -> 0 | S82: =+Q82-R82 -> 0 | T82: =+P82+S82 -> 0 | U82: =+O82+T82 -> 0
A83: 1.2.6.08.02 | B83: Derechos de autor | G83: =+C83+D83+E83-F83 -> 0 | O83: =+G83+N83 -> 0 | S83: =+Q83-R83 -> 0 | T83: =+P83+S83 -> 0 | U83: =+O83+T83 -> 0
A84: 1.2.6.08.03 | B84: Software y programas | G84: =+C84+D84+E84-F84 -> 0 | O84: =+G84+N84 -> 0 | S84: =+Q84-R84 -> 0 | T84: =+P84+S84 -> 0 | U84: =+O84+T84 -> 0
A85: 1.2.6.08.99 | B85: Otros bienes intangibles | G85: =+C85+D85+E85-F85 -> 0 | O85: =+G85+N85 -> 0 | S85: =+Q85-R85 -> 0 | T85: =+P85+S85 -> 0 | U85: =+O85+T85 -> 0
A86: 1.2.6.99 | B86: Bienes concesionados en proceso de producción | C86: =SUM(C87:C90) -> 0 | D86: =SUM(D87:D90) -> 0 | E86: =SUM(E87:E90) -> 0 | F86: =SUM(F87:F90) -> 0 | G86: =SUM(G87:G90) -> 0 | H86: =SUM(H87:H90) -> 0 | I86: =SUM(I87:I90) -> 0 | J86: =SUM(J87:J90) -> 0 | ... U86: =SUM(U87:U90) -> 0
A87: 1.2.6.99.01 | B87: Propiedades, planta y equipo | G87: =+C87+D87+E87-F87 -> 0 | O87: =+G87+N87 -> 0 | S87: =+Q87-R87 -> 0 | T87: =+P87+S87 -> 0 | U87: =+O87+T87 -> 0
A88: 1.2.6.99.04 | B88: Bienes de infraestructura y de beneficio y uso público | G88: =+C88+D88+E88-F88 -> 0 | O88: =+G88+N88 -> 0 | S88: =+Q88-R88 -> 0 | T88: =+P88+S88 -> 0 | U88: =+O88+T88 -> 0
A89: 1.2.6.99. | B89: Bienes culturales | G89: =+C89+D89+E89-F89 -> 0 | O89: =+G89+N89 -> 0 | S89: =+Q89-R89 -> 0 | T89: =+P89+S89 -> 0 | U89: =+O89+T89 -> 0
A90: 1.2.6.99.08 | B90: Bienes intangibles | G90: =+C90+D90+E90-F90 -> 0 | O90: =+G90+N90 -> 0 | S90: =+Q90-R90 -> 0 | T90: =+P90+S90 -> 0 | U90: =+O90+T90 -> 0
A91: SUBTOTALES BIENES CONCESIONADOS | C91: =+C86+C81+C78+C73+C70+C57 -> 0 | D91: =+D86+D81+D78+D73+D70+D57 -> 0 | E91: =+E86+E81+E78+E73+E70+E57 -> 0 | F91: =+F86+F81+F78+F73+F70+F57 -> 0 | G91: =+G86+G81+G78+G73+G70+G57 -> 0 | H91: =+H86+H81+H78+H73+H70+H57 -> 0 | I91: =+I86+I81+I78+I73+I70+I57 -> 0 | J91: =+J86+J81+J78+J73+J70+J57 -> 0 | ... U91: =+U86+U81+U78+U73+U70+U57 -> 0
A93: TOTALES | C93: =+C91+C55 -> 1602435 | D93: =+D91+D55 -> 0 | E93: =+E91+E55 -> 485072.69 | F93: =+F91+F55 -> -114638.26 | G93: =+G91+G55 -> 1972869.4 | H93: =+H91+H55 -> 515.78485 | I93: =+I91+I55 -> -396.38995 | J93: =+J91+J55 -> 0 | ... U93: =+U91+U55 -> 1532700.7
B102: Elaborado por: | D102: Revisado por: | G102: Aprobado por:

Sheet EstadoFinancieroSegmentos
A2: =Data!N1 -> Promotora Costarricense Innovación e Investigación (PROMOTORA)
A3: ESTADO DE INFORMACIÓN FINANCIERA POR SEGMENTOS
A4: ="Al " & IF(Data!D2=Data!F1,Data!G1, IF(Data!D2=Data!F2,Data!G2, IF(Data!D2=Data!F3,Data!G3, IF(Data!D2=Data!F4,Data!G4, IF(Data!D2=Data!F5,Data!G5, IF(Data!D2=Data!F6,Data!G6, IF(Data!D2=Data!F7,Data!G7, IF(Data!D2=Data!F8,Data!G8, IF(Data!D2=Data!F9,Data!G9, IF(Data!D2=Data!F10,Data!G10, IF(Data!D2=Data!F11,Data!G11, IF(Data!D2=Data!F12,Data!G12, IF(Data!D2=Data!F13,Data!G13, IF(Data!D2=Data!F14,Data!G14, IF(Data!D2=Data!F15,Data!G15, IF(Data!D2=Data!F16,Data!G16,0)))))))))))))))) & " de " & Data!C2 -> Al 30 de Junio de 2024
A5: En miles de colones
A6: Segmentos (*) | B6: Servicios Públicos Generales | D6: Defensa | F6: Órden Público y Seguridad | H6: Asuntos Económicos | J6: Protección Medio Ambiente | L6: Vivenda y Servicios Comunitarios | N6: Salud | P6: Actividades Recreativas/ Culturales/ Religiosas | R6: Educación | T6: Protección Social | V6: Servicios Financieros | X6: Conceptos no asignados a los segmentos | Z6: Eliminaciones | AB6: Consolidación
A7: EJERCICIOS: | B7: =Data!C2 -> 2024 | C7: =Data!C2-1 -> 2023 | D7: =Data!C2 -> 2024 | E7: =Data!C2-1 -> 2023 | F7: =Data!C2 -> 2024 | G7: =Data!C2-1 -> 2023 | H7: =Data!C2 -> 2024 | I7: =Data!C2-1 -> 2023 | J7: =Data!C2 -> 2024 | K7: =Data!C2-1 -> 2023 | L7: =Data!C2 -> 2024 | M7: =Data!C2-1 -> 2023 | N7: =Data!C2 -> 2024 | O7: =Data!C2-1 -> 2023 | P7: =Data!C2 -> 2024 | Q7: =Data!C2-1 -> 2023 | R7: =Data!C2 -> 2024 | S7: =Data!C2-1 -> 2023 | T7: =Data!C2 -> 2024 | U7: =Data!C2-1 -> 2023 | V7: =Data!C2 -> 2024 | W7: =Data!C2-1 -> 2023 | X7: =Data!C2 -> 2024 | Y7: =Data!C2-1 -> 2023 | Z7: =Data!C2 -> 2024 | AA7: =Data!C2-1 -> 2023 | AB7: =Data!C2 -> 2024 | AC7: =Data!C2-1 -> 2023
A8: INGRESO DEL SEGMENTO
A9: Ingresos de la actividad operativa del segmento | AA9: ….. | AB9: ….. | AC9: …..
A10: Transferencias intersegmentos | Z10: ….. | AA10: ….. | AB10: ….. | AC10: …..
A11: Otros ingresos asignados al segmento | Z11: ….. | AA11: ….. | AB11: ….. | AC11: …..
A12: Total Ingreso del segmento | B12: ….. | C12: ….. | D12: ….. | E12: ….. | F12: ….. | G12: ….. | H12: ….. | I12: ….. | J12: ….. | K12: ….. | L12: ….. | M12: ….. | N12: ….. | O12: ….. | P12: ….. | Q12: ….. | R12: ….. | S12: ….. | T12: ….. | U12: ….. | V12: ….. | W12: ….. | X12: ….. | Y12: ….. | Z12: ….. | AA12: ….. | AB12: ….. | AC12: …..
A13: GASTO POR SEGMENTO
A14: Gastos de la actividad operativa del segmento | Z14: (…..) | AA14: (…..) | AB14: (…..) | AC14: (…..)
A15: Transferencias intersegmentos | Z15: (…..) | AA15: (…..) | AB15: (…..) | AC15: (…..)
A16: Gastos centralizados no asignados | Z16: (…..) | AA16: (…..) | AB16: (…..) | AC16: (…..)
A17: Total Gasto por segmento | B17: (…..) | C17: (…..) | D17: (…..) | E17: (…..) | F17: (…..) | G17: (…..) | H17: (…..) | I17: (…..) | J17: (…..) | K17: (…..) | L17: (…..) | M17: (…..) | N17: (…..) | O17: (…..) | P17: (…..) | Q17: (…..) | R17: (…..) | S17: (…..) | T17: (…..) | U17: (…..) | V17: (…..) | W17: (…..) | X17: (…..) | Y17: (…..) | Z17: (…..) | AA17: (…..) | AB17: (…..) | AC17: (…..)
A18: Resultado neto (Ahorro/deshorro de las actividadesde de operación) | B18: ….. | C18: ….. | D18: ….. | E18: ….. | F18: ….. | G18: ….. | H18: ….. | I18: ….. | J18: ….. | K18: ….. | L18: ….. | M18: ….. | N18: ….. | O18: ….. | P18: ….. | Q18: ….. | R18: ….. | S18: ….. | T18: ….. | U18: ….. | V18: ….. | W18: ….. | X18: ….. | Y18: ….. | Z18: ….. | AA18: ….. | AB18: ….. | AC18: …..
A19: Gastos por intereses | Z19: (…..) | AA19: (…..) | AB19: (…..) | AC19: (…..)
A20: Ingresos por intereses | Z20: ….. | AA20: ….. | AB20: ….. | AC20: …..
A21: Participación en el resultado positivo neto de EP | Z21: ….. | AA21: ….. | AB21: ….. | AC21: …..
A22: Resultado Neto (ahorro/desahorro) | B22: ….. | C22: ….. | D22: ….. | E22: ….. | F22: ….. | G22: ….. | H22: ….. | I22: ….. | J22: ….. | K22: ….. | L22: ….. | M22: ….. | N22: ….. | O22: ….. | P22: ….. | Q22: ….. | R22: ….. | S22: ….. | T22: ….. | U22: ….. | V22: ….. | W22: ….. | X22: ….. | Y22: ….. | Z22: ….. | AA22: ….. | AB22: ….. | AC22: …..
A23: Segmentos (*) : Clasificador Funcional Costarricense
B29: Elaborado por: | F29: Recibido por: | J29: Aprobado por:
A34: =Data!N1 -> Promotora Costarricense Innovación e Investigación (PROMOTORA)
A36: ESTADO DE INFORMACIÓN FINANCIERA POR SEGMENTOS
A37: Otra Información Financiera sobre Segmentos
A38: - Al 31 de Diciembre de X -
A39: En miles de colones
A40: Segmentos (*) | B40: Servicios Públicos Generales | D40: Defensa | F40: Órden Público y Seguridad | H40: Asuntos Económicos | J40: Protección Medio Ambiente | L40: Vivenda y Servicios Comunitarios | N40: Salud | P40: Actividades Recreativas/ Culturales/ Religiosas | R40: Educación | T40: Protección Social | V40: Servicios Financieros | X40: Conceptos no asignados a los segmentos | Z40: ELIMINACIONES | AB40: CONSOLIDACIÓN
A41: EJERCICIOS: | B41: =Data!C2 -> 2024 | C41: =Data!C2-1 -> 2023 | D41: =Data!C2 -> 2024 | E41: =Data!C2-1 -> 2023 | F41: =Data!C2 -> 2024 | G41: =Data!C2-1 -> 2023 | H41: =Data!C2 -> 2024 | I41: =Data!C2-1 -> 2023 | J41: =Data!C2 -> 2024 | K41: =Data!C2-1 -> 2023 | L41: =Data!C2 -> 2024 | M41: =Data!C2-1 -> 2023 | N41: =Data!C2 -> 2024 | O41: =Data!C2-1 -> 2023 | P41: =Data!C2 -> 2024 | Q41: =Data!C2-1 -> 2023 | R41: =Data!C2 -> 2024 | S41: =Data!C2-1 -> 2023 | T41: =Data!C2 -> 2024 | U41: =Data!C2-1 -> 2023 | V41: =Data!C2 -> 2024 | W41: =Data!C2-1 -> 2023 | X41: =Data!C2 -> 2024 | Y41: =Data!C2-1 -> 2023 | Z41: =Data!C2 -> 2024 | AA41: =Data!C2-1 -> 2023 | AB41: =Data!C2 -> 2024 | AC41: =Data!C2-1 -> 2023
A42: Activos por segmento | D42: ….. | E42: ….. | F42: ….. | G42: ….. | H42: ….. | I42: ….. | J42: ….. | K42: ….. | L42: ….. | M42: ….. | N42: ….. | O42: ….. | P42: ….. | Q42: ….. | R42: ….. | S42: ….. | T42: ….. | U42: ….. | V42: ….. | W42: ….. | X42: ….. | Y42: ….. | Z42: ….. | AA42: ….. | AB42: ….. | AC42: …..
A43: Inversión en asociadas (método de la participación) | C43: ….. | D43: ….. | E43: ….. | F43: ….. | G43: ….. | H43: ….. | I43: ….. | J43: ….. | K43: ….. | L43: ….. | M43: ….. | N43: ….. | O43: ….. | P43: ….. | Q43: ….. | R43: ….. | S43: ….. | T43: ….. | U43: ….. | V43: ….. | W43: ….. | X43: ….. | Y43: ….. | Z43: ….. | AA43: ….. | AB43: ….. | AC43: …..
A44: Activos centralizados no asignados | B44: ….. | C44: ….. | D44: ….. | E44: ….. | F44: ….. | G44: ….. | H44: ….. | I44: ….. | J44: ….. | K44: ….. | L44: ….. | M44: ….. | N44: ….. | O44: ….. | P44: ….. | Q44: ….. | R44: ….. | S44: ….. | T44: ….. | U44: ….. | V44: ….. | W44: ….. | X44: ….. | Y44: ….. | Z44: ….. | AA44: ….. | AB44: ….. | AC44: …..
A45: Total ActivosConsolidados | B45: ….. | C45: ….. | D45: ….. | E45: ….. | F45: ….. | G45: ….. | H45: ….. | I45: ….. | J45: ….. | K45: ….. | L45: ….. | M45: ….. | N45: ….. | O45: ….. | P45: ….. | Q45: ….. | R45: ….. | S45: ….. | T45: ….. | U45: ….. | V45: ….. | W45: ….. | X45: ….. | Y45: ….. | Z45: ….. | AA45: ….. | AB45: ….. | AC45: …..
A46: Pasivos por segmento | C46: ….. | D46: ….. | E46: ….. | F46: ….. | G46: ….. | H46: ….. | I46: ….. | J46: ….. | K46: ….. | L46: ….. | M46: ….. | N46: ….. | O46: ….. | P46: ….. | Q46: ….. | R46: ….. | S46: ….. | T46: ….. | U46: ….. | V46: ….. | W46: ….. | X46: ….. | Y46: ….. | Z46: ….. | AA46: ….. | AB46: ….. | AC46: …..
A47: Pasivos corporativos no asignados | B47: ….. | C47: ….. | D47: ….. | E47: ….. | F47: ….. | G47: ….. | H47: ….. | I47: ….. | J47: ….. | K47: ….. | L47: ….. | M47: ….. | N47: ….. | O47: ….. | P47: ….. | Q47: ….. | R47: ….. | S47: ….. | T47: ….. | U47: ….. | V47: ….. | W47: ….. | X47: ….. | Y47: ….. | Z47: ….. | AA47: ….. | AB47: ….. | AC47: …..
A48: Total Pasivos Consolidados | B48: ….. | C48: ….. | D48: ….. | E48: ….. | F48: ….. | G48: ….. | H48: ….. | I48: ….. | J48: ….. | K48: ….. | L48: ….. | M48: ….. | N48: ….. | O48: ….. | P48: ….. | Q48: ….. | R48: ….. | S48: ….. | T48: ….. | U48: ….. | V48: ….. | W48: ….. | X48: ….. | Y48: ….. | Z48: ….. | AA48: ….. | AB48: ….. | AC48: …..
A49: Segmentos (*) : Clasificador Funcional Costarricense
B56: Elaborado por: | F56: Recibido por: | J56: Aprobado por:

Sheet Data
B1: IDEntidad | C1: Periodo | D1: UnidadTiempoPeriodo | F1: B1 | G1: 28 de Febrero | H1: ="01 de Enero de "&C2&" al 28 de Febrero de "&C2 -> 01 de Enero de 2024 al 28 de Febrero de 2024 | I1: 2 | K1: 11000 | L1: PODER EJECUTIVO ( MINISTERIOS DE LA REPUBLICA ) | N1: =CONCATENATE(O1,P1,Q1,R1,S1,T1,U1) -> Promotora Costarricense Innovación e Investigación (PROMOTORA) | O1: =IF(Data!B2=Data!K1,Data!L1,IF(Data!B2=Data!K2,Data!L2,IF(Data!B2=Data!K3,Data!L3,IF(Data!B2=Data!K4,Data!L4,IF(Data!B2=Data!K5,Data!L5,IF(Data!B2=Data!K6,Data!L6,IF(Data!B2=Data!K7,Data!L7,IF(Data!B2=Data!K8,Data!L8,IF(Data!B2=Data!K9,Data!L9,IF(Data!B2=Data!K10,Data!L10,IF(Data!B2=Data!K11,Data!L11,IF(Data!B2=Data!K12,Data!L12,IF(Data!B2=Data!K13,Data!L13,IF(Data!B2=Data!K14,Data!L14,IF(Data!B2=Data!K15,Data!L15,IF(Data!B2=Data!K16,Data!L16,IF(Data!B2=Data!K17,Data!L17,IF(Data!B2=Data!K18,Data!L18,IF(Data!B2=Data!K19,Data!L19,IF(Data!B2=Data!K20,Data!L20,IF(Data!B2=Data!K21,Data!L21,IF(Data!B2=Data!K22,Data!L22,IF(Data!B2=Data!K23,Data!L23,IF(Data!B2=Data!K24,Data!L24,IF(Data!B2=Data!K25,Data!L25,IF(Data!B2=Data!K26,Data!L26,IF(Data!B2=Data!K27,Data!L27,IF(Data!B2=Data!K28,Data!L28,IF(Data!B2=Data!K29,Data!L29,IF(Data!B2=Data!K30,Data!L30,IF(Data!B2=Data!K31,Data!L31,IF(Data!B2=Data!K32,Data!L32,IF(Data!B2=Data!K33,Data!L33,IF(Data!B2=Data!K34,Data!L34,IF(Data!B2=Data!K35,Data!L35,IF(Data!B2=Data!K36,Data!L36,IF(Data!B2=Data!K37,Data!L37,IF(Data!B2=Data!K38,Data!L38,IF(Data!B2=Data!K39,Data!L39,IF(Data!B2=Data!K40,Data!L40,IF(Data!B2=Data!K41,Data!L41,IF(Data!B2=Data!K44,Data!L44,IF(Data!B2=Data!K45,Data!L45,IF(Data!B2=Data!K46,Data!L46,IF(Data!B2=Data!K47,Data!L47,IF(Data!B2=Data!K48,Data!L48,IF(Data!B2=Data!K49,Data!L49,IF(Data!B2=Data!K50,Data!L50,IF(Data!B2=Data!K51,Data!L51,IF(Data!B2=Data!K52,Data!L52,IF(Data!B2=Data!K42,Data!L42,IF(Data!B2=Data!K43,Data!L43,"")))))))))))))))))))))))))))))))))))))))))))))))))))) | P1: =IF(Data!B2=Data!K53,Data!L53,IF(Data!B2=Data!K54,Data!L54,IF(Data!B2=Data!K55,Data!L55,IF(Data!B2=Data!K56,Data!L56,IF(Data!B2=Data!K57,Data!L57,IF(Data!B2=Data!K58,Data!L58,IF(Data!B2=Data!K59,Data!L59,IF(Data!B2=Data!K60,Data!L60,IF(Data!B2=Data!K61,Data!L61,IF(Data!B2=Data!K62,Data!L62,IF(Data!B2=Data!K63,Data!L63,IF(Data!B2=Data!K64,Data!L64,IF(Data!B2=Data!K65,Data!L65,IF(Data!B2=Data!K66,Data!L66,IF(Data!B2=Data!K67,Data!L67,IF(Data!B2=Data!K68,Data!L68,IF(Data!B2=Data!K69,Data!L69,IF(Data!B2=Data!K70,Data!L70,IF(Data!B2=Data!K72,Data!L72,IF(Data!B2=Data!K73,Data!L73,IF(Data!B2=Data!K74,Data!L74,IF(Data!B2=Data!K75,Data!L75,IF(Data!B2=Data!K76,Data!L76,IF(Data!B2=Data!K77,Data!L77,IF(Data!B2=Data!K78,Data!L78,IF(Data!B2=Data!K79,Data!L79,IF(Data!B2=Data!K80,Data!L80,IF(Data!B2=Data!K81,Data!L81,IF(Data!B2=Data!K82,Data!L82,IF(Data!B2=Data!K83,Data!L83,IF(Data!B2=Data!K84,Data!L84,IF(Data!B2=Data!K85,Data!L85,IF(Data!B2=Data!K86,Data!L86,IF(Data!B2=Data!K87,Data!L87,IF(Data!B2=Data!K88,Data!L88,IF(Data!B2=Data!K89,Data!L89,IF(Data!B2=Data!K90,Data!L90,IF(Data!B2=Data!K91,Data!L91,IF(Data!B2=Data!K92,Data!L92,IF(Data!B2=Data!K93,Data!L93,IF(Data!B2=Data!K94,Data!L94,IF(Data!B2=Data!K95,Data!L95,IF(Data!B2=Data!K96,Data!L96,IF(Data!B2=Data!K97,Data!L97,IF(Data!B2=Data!K98,Data!L98,IF(Data!B2=Data!K99,Data!L99,IF(Data!B2=Data!K100,Data!L100,IF(Data!B2=Data!K101,Data!L101,IF(Data!B2=Data!K102,Data!L102,IF(Data!B2=Data!K103,Data!L103,"")))))))))))))))))))))))))))))))))))))))))))))))))) -> Promotora Costarricense Innovación e Investigación (PROMOTORA) | Q1: =IF(Data!B2=Data!K104,Data!L104,IF(Data!B2=Data!K105,Data!L105,IF(Data!B2=Data!K106,Data!L106,IF(Data!B2=Data!K107,Data!L107,IF(Data!B2=Data!K108,Data!L108,IF(Data!B2=Data!K109,Data!L109,IF(Data!B2=Data!K110,Data!L110,IF(Data!B2=Data!K111,Data!L111,IF(Data!B2=Data!K112,Data!L112,IF(Data!B2=Data!K113,Data!L113,IF(Data!B2=Data!K114,Data!L114,IF(Data!B2=Data!K115,Data!L115,IF(Data!B2=Data!K116,Data!L116,IF(Data!B2=Data!K117,Data!L117,IF(Data!B2=Data!K118,Data!L118,IF(Data!B2=Data!K119,Data!L119,IF(Data!B2=Data!K120,Data!L120,IF(Data!B2=Data!K121,Data!L121,IF(Data!B2=Data!K122,Data!L122,IF(Data!B2=Data!K123,Data!L123,IF(Data!B2=Data!K124,Data!L124,IF(Data!B2=Data!K125,Data!L125,IF(Data!B2=Data!K126,Data!L126,IF(Data!B2=Data!K127,Data!L127,IF(Data!B2=Data!K128,Data!L128,IF(Data!B2=Data!K129,Data!L129,IF(Data!B2=Data!K130,Data!L130,IF(Data!B2=Data!K131,Data!L131,IF(Data!B2=Data!K132,Data!L132,IF(Data!B2=Data!K133,Data!L133,IF(Data!B2=Data!K134,Data!L134,IF(Data!B2=Data!K135,Data!L135,IF(Data!B2=Data!K136,Data!L136,IF(Data!B2=Data!K137,Data!L137,IF(Data!B2=Data!K138,Data!L138,IF(Data!B2=Data!K139,Data!L139,IF(Data!B2=Data!K140,Data!L140,IF(Data!B2=Data!K141,Data!L141,IF(Data!B2=Data!K142,Data!L142,IF(Data!B2=Data!K143,Data!L143,IF(Data!B2=Data!K144,Data!L144,IF(Data!B2=Data!K145,Data!L145,IF(Data!B2=Data!K146,Data!L146,IF(Data!B2=Data!K147,Data!L147,IF(Data!B2=Data!K148,Data!L148,IF(Data!B2=Data!K149,Data!L149,IF(Data!B2=Data!K150,Data!L150,IF(Data!B2=Data!K151,Data!L151,IF(Data!B2=Data!K152,Data!L152,IF(Data!B2=Data!K153,Data!L153,"")))))))))))))))))))))))))))))))))))))))))))))))))) | R1: =IF(Data!B2=Data!K154,Data!L154,IF(Data!B2=Data!K155,Data!L155,IF(Data!B2=Data!K156,Data!L156,IF(Data!B2=Data!K157,Data!L157,IF(Data!B2=Data!K158,Data!L158,IF(Data!B2=Data!K159,Data!L159,IF(Data!B2=Data!K160,Data!L160,IF(Data!B2=Data!K161,Data!L161,IF(Data!B2=Data!K162,Data!L162,IF(Data!B2=Data!K163,Data!L163,IF(Data!B2=Data!K164,Data!L164,IF(Data!B2=Data!K165,Data!L165,IF(Data!B2=Data!K166,Data!L166,IF(Data!B2=Data!K168,Data!L168,IF(Data!B2=Data!K169,Data!L169,IF(Data!B2=Data!K170,Data!L170,IF(Data!B2=Data!K171,Data!L171,IF(Data!B2=Data!K172,Data!L172,IF(Data!B2=Data!K173,Data!L173,IF(Data!B2=Data!K174,Data!L174,IF(Data!B2=Data!K175,Data!L175,IF(Data!B2=Data!K176,Data!L176,IF(Data!B2=Data!K177,Data!L177,IF(Data!B2=Data!K178,Data!L178,IF(Data!B2=Data!K179,Data!L179,IF(Data!B2=Data!K180,Data!L180,IF(Data!B2=Data!K181,Data!L181,IF(Data!B2=Data!K182,Data!L182,IF(Data!B2=Data!K183,Data!L183,IF(Data!B2=Data!K184,Data!L184,IF(Data!B2=Data!K185,Data!L185,IF(Data!B2=Data!K186,Data!L186,IF(Data!B2=Data!K187,Data!L187,IF(Data!B2=Data!K188,Data!L188,IF(Data!B2=Data!K189,Data!L189,IF(Data!B2=Data!K190,Data!L190,IF(Data!B2=Data!K191,Data!L191,IF(Data!B2=Data!K192,Data!L192,IF(Data!B2=Data!K193,Data!L193,IF(Data!B2=Data!K194,Data!L194,IF(Data!B2=Data!K195,Data!L195,IF(Data!B2=Data!K196,Data!L196,IF(Data!B2=Data!K197,Data!L197,IF(Data!B2=Data!K198,Data!L198,IF(Data!B2=Data!K199,Data!L199,IF(Data!B2=Data!K200,Data!L200,IF(Data!B2=Data!K201,Data!L201,IF(Data!B2=Data!K202,Data!L202,IF(Data!B2=Data!K203,Data!L203,IF(Data!B2=Data!K204,Data!L204,"")))))))))))))))))))))))))))))))))))))))))))))))))) | S1: =IF(Data!B2=Data!K205,Data!L205,IF(Data!B2=Data!K206,Data!L206,IF(Data!B2=Data!K207,Data!L207,IF(Data!B2=Data!K208,Data!L208,IF(Data!B2=Data!K209,Data!L209,IF(Data!B2=Data!K210,Data!L210,IF(Data!B2=Data!K211,Data!L211,IF(Data!B2=Data!K212,Data!L212,IF(Data!B2=Data!K213,Data!L213,IF(Data!B2=Data!K214,Data!L214,IF(Data!B2=Data!K215,Data!L215,IF(Data!B2=Data!K216,Data!L216,IF(Data!B2=Data!K217,Data!L217,IF(Data!B2=Data!K218,Data!L218,IF(Data!B2=Data!K219,Data!L219,IF(Data!B2=Data!K220,Data!L220,IF(Data!B2=Data!K221,Data!L221,IF(Data!B2=Data!K222,Data!L222,IF(Data!B2=Data!K223,Data!L223,IF(Data!B2=Data!K224,Data!L224,IF(Data!B2=Data!K225,Data!L225,IF(Data!B2=Data!K226,Data!L226,IF(Data!B2=Data!K227,Data!L227,IF(Data!B2=Data!K228,Data!L228,IF(Data!B2=Data!K229,Data!L229,IF(Data!B2=Data!K230,Data!L230,IF(Data!B2=Data!K231,Data!L231,IF(Data!B2=Data!K232,Data!L232,IF(Data!B2=Data!K233,Data!L233,IF(Data!B2=Data!K234,Data!L234,IF(Data!B2=Data!K235,Data!L235,IF(Data!B2=Data!K236,Data!L236,IF(Data!B2=Data!K237,Data!L237,IF(Data!B2=Data!K238,Data!L238,IF(Data!B2=Data!K239,Data!L239,IF(Data!B2=Data!K240,Data!L240,IF(Data!B2=Data!K241,Data!L241,IF(Data!B2=Data!K242,Data!L242,IF(Data!B2=Data!K243,Data!L243,IF(Data!B2=Data!K244,Data!L244,IF(Data!B2=Data!K245,Data!L245,IF(Data!B2=Data!K246,Data!L246,IF(Data!B2=Data!K247,Data!L247,IF(Data!B2=Data!K248,Data!L248,IF(Data!B2=Data!K249,Data!L249,IF(Data!B2=Data!K250,Data!L250,IF(Data!B2=Data!K251,Data!L251,IF(Data!B2=Data!K252,Data!L252,IF(Data!B2=Data!K253,Data!L253,IF(Data!B2=Data!K254,Data!L254,"")))))))))))))))))))))))))))))))))))))))))))))))))) | T1: =IF(Data!B2=Data!K255,Data!L255,IF(Data!B2=Data!K256,Data!L256,IF(Data!B2=Data!K257,Data!L257,IF(Data!B2=Data!K258,Data!L258,IF(Data!B2=Data!K259,Data!L259,IF(Data!B2=Data!K260,Data!L260,IF(Data!B2=Data!K261,Data!L261,IF(Data!B2=Data!K262,Data!L262,IF(Data!B2=Data!K263,Data!L263,IF(Data!B2=Data!K264,Data!L264,IF(Data!B2=Data!K265,Data!L265,IF(Data!B2=Data!K266,Data!L266,IF(Data!B2=Data!K267,Data!L267,IF(Data!B2=Data!K268,Data!L268,IF(Data!B2=Data!K269,Data!L269,IF(Data!B2=Data!K270,Data!L270,IF(Data!B2=Data!K271,Data!L271,IF(Data!B2=Data!K272,Data!L272,IF(Data!B2=Data!K273,Data!L273,IF(Data!B2=Data!K274,Data!L274,IF(Data!B2=Data!K275,Data!L275,IF(Data!B2=Data!K276,Data!L276,IF(Data!B2=Data!K277,Data!L277,IF(Data!B2=Data!K278,Data!L278,IF(Data!B2=Data!K279,Data!L279,IF(Data!B2=Data!K280,Data!L280,IF(Data!B2=Data!K281,Data!L281,IF(Data!B2=Data!K282,Data!L282,IF(Data!B2=Data!K283,Data!L283,IF(Data!B2=Data!K284,Data!L284,IF(Data!B2=Data!K285,Data!L285,IF(Data!B2=Data!K286,Data!L286,IF(Data!B2=Data!K287,Data!L287,IF(Data!B2=Data!K288,Data!L288,IF(Data!B2=Data!K289,Data!L289,IF(Data!B2=Data!K290,Data!L290,IF(Data!B2=Data!K291,Data!L291,IF(Data!B2=Data!K292,Data!L292,IF(Data!B2=Data!K293,Data!L293,IF(Data!B2=Data!K294,Data!L294,IF(Data!B2=Data!K295,Data!L295,IF(Data!B2=Data!K296,Data!L296,IF(Data!B2=Data!K297,Data!L297,IF(Data!B2=Data!K298,Data!L298,IF(Data!B2=Data!K299,Data!L299,IF(Data!B2=Data!K300,Data!L300,IF(Data!B2=Data!K301,Data!L301,IF(Data!B2=Data!K302,Data!L302,IF(Data!B2=Data!K303,Data!L303,IF(Data!B2=Data!K304,Data!L304,"")))))))))))))))))))))))))))))))))))))))))))))))))) | U1: =IF(Data!B2=Data!K305,Data!L305,IF(Data!B2=Data!K306,Data!L306,IF(Data!B2=Data!K307,Data!L307,IF(Data!B2=Data!K308,Data!L308,IF(Data!B2=Data!K309,Data!L309,IF(Data!B2=Data!K310,Data!L310,IF(Data!B2=Data!K311,Data!L311,IF(Data!B2=Data!K312,Data!L312,IF(Data!B2=Data!K313,Data!L313,IF(Data!B2=Data!K314,Data!L314,IF(Data!B2=Data!K315,Data!L315,IF(Data!B2=Data!K316,Data!L316,IF(Data!B2=Data!K317,Data!L317,IF(Data!B2=Data!K318,Data!L318,IF(Data!B2=Data!K319,Data!L319,IF(Data!B2=Data!K320,Data!L320,IF(Data!B2=Data!K321,Data!L321,IF(Data!B2=Data!K322,Data!L322,IF(Data!B2=Data!K323,Data!L323,IF(Data!B2=Data!K324,Data!L324,IF(Data!B2=Data!K325,Data!L325,IF(Data!B2=Data!K326,Data!L326,IF(Data!B2=Data!K327,Data!L327,IF(Data!B2=Data!K328,Data!L328,IF(Data!B2=Data!K329,Data!L329,IF(Data!B2=Data!K330,Data!L330,IF(Data!B2=Data!K331,Data!L331,IF(Data!B2=Data!K332,Data!L332,IF(Data!B2=Data!K333,Data!L333,IF(Data!B2=Data!K334,Data!L334,IF(Data!B2=Data!K335,Data!L335,IF(Data!B2=Data!K336,Data!L336,IF(Data!B2=Data!K337,Data!L337,IF(Data!B2=Data!K338,Data!L338,IF(Data!B2=Data!K339,Data!L339,IF(Data!B2=Data!K340,Data!L340,IF(Data!B2=Data!K341,Data!L341,IF(Data!B2=Data!K342,Data!L342,IF(Data!B2=Data!K343,Data!L343,IF(Data!B2=Data!K344,Data!L344,IF(Data!B2=Data!K345,Data!L345,IF(Data!B2=Data!K346,Data!L346,IF(Data!B2=Data!K347,Data!L347,IF(Data!B2=Data!K348,Data!L348,IF(Data!B2=Data!K349,Data!L349,IF(Data!B2=Data!K350,Data!L350,IF(Data!B2=Data!K351,Data!L351,IF(Data!B2=Data!K352,Data!L352,IF(Data!B2=Data!K353,Data!L353,IF(Data!B2=Data!K354,Data!L354,""))))))))))))))))))))))))))))))))))))))))))))))))))
A2: =MID(MID(CELL("filename"),FIND("[",CELL("filename"))+1, FIND("]",CELL("filename"))-FIND("[",CELL("filename"))-1), 1, FIND("_",MID(CELL("filename"),FIND("[",CELL("filename"))+1, FIND("]",CELL("filename"))-FIND("[",CELL("filename"))-1))-1) -> 14161T22024 | B2: =LEFT(A2,LEN(A2)-6) -> 14161 | C2: =RIGHT(A2,4) -> 2024 | D2: =LEFT(RIGHT(A2,6),2) -> T2 | F2: B2 | G2: 30 de Abril | H2: ="01 de Marzo de "&C2&" al 30 de Abril de "&C2 -> 01 de Marzo de 2024 al 30 de Abril de 2024 | I2: 4 | K2: 11201 | L2: Presidencia de la República
F3: B3 | G3: 30 de Junio | H3: ="01 de Mayo de "&C2&" al 30 de Junio de "&C2 -> 01 de Mayo de 2024 al 30 de Junio de 2024 | I3: 6 | K3: 11202 | L3: Ministerio de la Presidencia (MP)
F4: B4 | G4: 31 de Agosto | H4: ="01 de Julio de "&C2&" al 31 de Agosto de "&C2 -> 01 de Julio de 2024 al 31 de Agosto de 2024 | I4: 8 | K4: 11203 | L4: Ministerio de Gobernación y Policía
F5: B5 | G5: 31 de Octubre | H5: ="01 de Setiembre de "&C2&" al 31 de Octubre de "&C2 -> 01 de Setiembre de 2024 al 31 de Octubre de 2024 | I5: 10 | K5: 11204 | L5: Ministerio de Relaciones Exteriores y Culto (RE)
F6: B6 | G6: 31 de Diciembre | H6: ="01 de Noviembre de "&C2&" al 31 de Diciembre de "&C2 -> 01 de Noviembre de 2024 al 31 de Diciembre de 2024 | I6: 12 | K6: 11205 | L6: Ministerio de Seguridad Pública (MSP)
F7: T1 | G7: 31 de Marzo | H7: ="01 de Enero de "&C2&" al 31 de Marzo de "&C2 -> 01 de Enero de 2024 al 31 de Marzo de 2024 | I7: 3 | K7: 11206 | L7: Ministerio de Hacienda (MHD)
F8: T2 | G8: 30 de Junio | H8: ="01 de Enero de "&C2&" al 30 de Junio de "&C2 -> 01 de Enero de 2024 al 30 de Junio de 2024 | I8: 6 | K8: 11207 | L8: Ministerio de Agricultura y Ganadería (MAG)
F9: T3 | G9: 30 de Setiembre | H9: ="01 de Enero de "&C2&" al 30 de Setiembre de "&C2 -> 01 de Enero de 2024 al 30 de Setiembre de 2024 | I9: 9 | K9: 11208 | L9: Ministerio de Economía, Industria y Comercio (MEIC)
F10: T4 | G10: 31 de Diciembre | H10: ="01 de Enero de "&C2&" al 31 de Diciembre de "&C2 -> 01 de Enero de 2024 al 31 de Diciembre de 2024 | I10: 12 | K10: 11209 | L10: Ministerio de Obras Públicas y Transportes (MOPT)
F11: C1 | G11: 30 de Abril | H11: ="01 de Enero de "&C2&" al 30 de Abril de "&C2 -> 01 de Enero de 2024 al 30 de Abril de 2024 | I11: 4 | K11: 11210 | L11: Ministerio de Educación Pública (MEP)
F12: C2 | G12: 31 de Agosto | H12: ="01 de Mayo de "&C2&" al 31 de Agosto de "&C2 -> 01 de Mayo de 2024 al 31 de Agosto de 2024 | I12: 8 | K12: 11211 | L12: Ministerio de Salud
F13: C3 | G13: 31 de Diciembre | H13: ="01 de Setiembre de "&C2&" al 31 de Diciembre de "&C2 -> 01 de Setiembre de 2024 al 31 de Diciembre de 2024 | I13: 12 | K13: 11212 | L13: Ministerio de Trabajo y Seguridad Social (MTSS)
F14: S1 | G14: 30 de Junio | H14: ="01 de Enero de "&C2&" al 30 de Junio de "&C2 -> 01 de Enero de 2024 al 30 de Junio de 2024 | I14: 6 | K14: 11213 | L14: Ministerio de Cultura, Juventud y Deportes (MCJD)
F15: S2 | G15: 31 de Diciembre | H15: ="01 de Julio de "&C2&" al 31 de Diciembre de "&C2 -> 01 de Julio de 2024 al 31 de Diciembre de 2024 | I15: 12 | K15: 11214 | L15: Ministerio de Justicia y Gracia
F16: A1 | G16: 31 de Diciembre | H16: ="01 de Enero de "&C2&" al 31 de Diciembre de " & C2 -> 01 de Enero de 2024 al 31 de Diciembre de 2024 | I16: 12 | K16: 11215 | L16: Ministerio de la Vivienda y Asentamientos Humanos (MIVAH)
K17: 11216 | L17: Ministerio de Comercio Exterior (COMEX)
K18: 11217 | L18: Ministerio de Planificación Nacional y Política Económica (MIDEPLAN)
K19: 11218 | L19: Ministerio de Ciencia y Tecnología (MICIT)
K20: 11219 | L20: Ministerio de Ambiente, Energía y Telecomunicaciones (MINAET)
K21: 11230 | L21: Servicio de la Deuda Pública
K22: 11231 | L22: Regímenes de Pensiones con Cargo al Presupuesto de la República
K23: 11232 | L23: Obras Específicas
K24: 13000 | L24: OTROS PODERES DE LA REPUBLICA
K25: 13101 | L25: Asamblea Legislativa
K26: 13102 | L26: Contraloría General de la República (CGR)
K27: 13103 | L27: Defensoría de los Habitantes de la República
K28: 13301 | L28: Poder Judicial
... K323: 14296 | L323: Patronato Nacional de Rehabilitacion ( PANARE)
